SL
PHOENIX HOTSPUR @ ST. LOUIS COEUR
09/25/2038
 
TOP OF THE 1ST
Phoenix Hotspur batting - Pitching for St. Louis Coeur : RHP Tony Alfonso
Pitching: RHP Tony Alfonso
Batting: RHB Alberto Ramírez 0-0: Called Strike
0-1: Ball
1-1: Called Strike
1-2: Ball
2-2: Ball
3-2: Base on Balls
Batting: LHB Mare Riseley 0-0: Ball
1-0: Ball
2-0: Called Strike
2-1: Foul Ball, location: 2F
2-2: Strikes out swinging
Batting: RHB Jonas van Claveren 0-0: Ball
1-0: Fielders Choice at 2nd, 6-4 (Groundball, 6, EV 93.8 MPH)
Batting: LHB Tadayoshi Watanabe 0-0: Called Strike
0-1: Ball
1-1: Swinging Strike
1-2: Foul Ball, location: 2F
1-2: Ball
2-2: Strikes out swinging
Top of the 1st over - 0 runs, 0 hits, 0 errors, 1 left on base; Phoenix 0 - St. Louis 0
BOTTOM OF THE 1ST
St. Louis Coeur batting - Pitching for Phoenix Hotspur : RHP Leon von Stroheim
Pitching: RHP Leon von Stroheim
Batting: RHB Nobuhisa Murakami 0-0: Called Strike
0-1: Ball
1-1: Ball
2-1: Foul Ball, location: 2F
2-2: Ground out 6-3 (Groundball, 56, EV 87.5 MPH)
Batting: RHB Joe Mueller 0-0: Fly out, F7 (Flyball, 7D, EV 87.5 MPH)
Batting: LHB Qing-nian Zexian 0-0: Ball
1-0: Ball
2-0: Fly out, F9 (Flyball, 9D, EV 75.6 MPH)
Bottom of the 1st over - 0 runs, 0 hits, 0 errors, 0 left on base; Phoenix 0 - St. Louis 0
TOP OF THE 2ND
Phoenix Hotspur batting - Pitching for St. Louis Coeur : RHP Tony Alfonso
Batting: RHB Martín Talia 0-0: SINGLE (Groundball, 34, EV 109.4 MPH) (infield hit)
Batting: LHB Valerius Buser 0-0: Ball
1-0: Ball
2-0: Called Strike
2-1: Called Strike
2-2: Foul Ball, location: 2F
2-2: Strikes out looking
Batting: RHB Myles Brundidge 0-0: Ball
1-0: Fielders Choice at 2nd, 6-4 (Groundball, 56, EV 78.1 MPH)
Batting: RHB Brit Davis 0-0: Ball
1-0: Ball
2-0: Called Strike
2-1: Ball
3-1: Base on Balls
Myles Brundidge to second
Batting: LHB Corey Ferguson 0-0: Called Strike
0-1: Called Strike
0-2: Ball
1-2: DOUBLE (Groundball, 5L, EV 105.6 MPH)
Myles Brundidge scores
Brit Davis to third
Runner from 3rd tries for Home, SAFE, throw by LF to home
Batting: RHB Alberto Ramírez 0-0: Called Strike
0-1: Ground out 5-3 (Groundball, 5, EV 91.9 MPH)
Top of the 2nd over - 2 runs, 2 hits, 0 errors, 1 left on base; Phoenix 2 - St. Louis 0
BOTTOM OF THE 2ND
St. Louis Coeur batting - Pitching for Phoenix Hotspur : RHP Leon von Stroheim
Batting: LHB Dean Jackson 0-0: Ball
1-0: Called Strike
1-1: Called Strike
1-2: Foul Ball, location: 2F
1-2: Strikes out looking
Batting: RHB José Santos 0-0: Swinging Strike
0-1: Called Strike
0-2: Ball
1-2: Foul Ball, location: 2F
1-2: Ball
2-2: Strikes out swinging
Batting: RHB Rod Shortall 0-0: Ground out 4-3 (Groundball, 4M, EV 107.5 MPH)
Bottom of the 2nd over - 0 runs, 0 hits, 0 errors, 0 left on base; Phoenix 2 - St. Louis 0
TOP OF THE 3RD
Phoenix Hotspur batting - Pitching for St. Louis Coeur : RHP Tony Alfonso
Batting: LHB Mare Riseley 0-0: Foul Ball, location: 2F
0-1: Ground out 4-3 (Groundball, 4, EV 81.9 MPH)
Batting: RHB Jonas van Claveren 0-0: Foul Ball, location: 2F
0-1: Swinging Strike
0-2: Ball
1-2: Foul Ball, location: 2F
1-2: Ball
2-2: Foul Ball, location: 2F
2-2: Ground out 6-3 (Groundball, 6, EV 82.5 MPH)
Batting: LHB Tadayoshi Watanabe 0-0: Ball
1-0: Called Strike
1-1: Called Strike
1-2: Strikes out swinging
Top of the 3rd over - 0 runs, 0 hits, 0 errors, 0 left on base; Phoenix 2 - St. Louis 0
BOTTOM OF THE 3RD
St. Louis Coeur batting - Pitching for Phoenix Hotspur : RHP Leon von Stroheim
Batting: RHB Eugene Bennett 0-0: Ball
1-0: Ball
2-0: Swinging Strike
2-1: Called Strike
2-2: Ground out 4-3 (Groundball, 4M, EV 88.8 MPH)
Batting: RHB Jaime Soto 0-0: Ball
1-0: Ball
2-0: Foul Ball, location: 2F
2-1: Ball
3-1: Foul Ball, location: 2F
3-2: Foul Ball, location: 2F
3-2: Ground out 4-3 (Groundball, 4, EV 88.1 MPH)
Batting: LHB Kade Eagleton 0-0: Called Strike
0-1: Ball
1-1: Foul Ball, location: 2F
1-2: Strikes out swinging
Bottom of the 3rd over - 0 runs, 0 hits, 0 errors, 0 left on base; Phoenix 2 - St. Louis 0
TOP OF THE 4TH
Phoenix Hotspur batting - Pitching for St. Louis Coeur : RHP Tony Alfonso
Batting: RHB Martín Talia 0-0: Ball
1-0: Ball
2-0: Hit by Pitch
Batting: LHB Valerius Buser 0-0: Ball
1-0: Called Strike
1-1: Ball
2-1: Foul Ball, location: 2F
2-2: Fly out, F8 (Line Drive, 8RD, EV 105.0 MPH)
Batting: RHB Myles Brundidge 0-0: Ball
1-0: Foul Ball, location: 2F
1-1: Foul Ball, location: 2F
1-2: Fly out, F9 (Flyball, 9, EV 86.9 MPH)
Batting: RHB Brit Davis 0-0: Ball
Martín Talia is caught stealing 2nd base 2-4
Top of the 4th over - 0 runs, 0 hits, 0 errors, 0 left on base; Phoenix 2 - St. Louis 0
BOTTOM OF THE 4TH
St. Louis Coeur batting - Pitching for Phoenix Hotspur : RHP Leon von Stroheim
Batting: RHB Nobuhisa Murakami 0-0: Ball
1-0: Ball
2-0: Ball
3-0: Called Strike
3-1: TRIPLE (Line Drive, 78XD, EV 105.0 MPH)
Batting: RHB Joe Mueller 0-0: Swinging Strike
0-1: Ball
1-1: SINGLE (Groundball, 34D, EV 93.8 MPH)
Nobuhisa Murakami scores
Batting: LHB Qing-nian Zexian 0-0: Called Strike
0-1: Foul Ball, location: 2F
0-2: Ball
1-2: Foul Ball, location: 2F
1-2: Grounds into double play, 4-6-3 (Groundball, 4, EV 82.5 MPH)
Batting: LHB Dean Jackson 0-0: DOUBLE (Line Drive, 9LM, EV 111.2 MPH)
Batting: RHB José Santos 0-0: Ground out 4-3 (Groundball, 4, EV 91.9 MPH)
Bottom of the 4th over - 1 run, 3 hits, 0 errors, 1 left on base; Phoenix 2 - St. Louis 1
TOP OF THE 5TH
Phoenix Hotspur batting - Pitching for St. Louis Coeur : RHP Tony Alfonso
Batting: RHB Brit Davis 0-0: Foul Ball, location: 2F
0-1: Foul Ball, location: 2F
0-2: Fly out, F8 (Line Drive, 8LM, EV 96.2 MPH)
Batting: LHB Corey Ferguson 0-0: Ball
1-0: Ground out 5-3 (Groundball, 56S, EV 85.0 MPH)
Batting: RHB Alberto Ramírez 0-0: Foul Ball, location: 2F
0-1: Swinging Strike
0-2: Foul Ball, location: 2F
0-2: Strikes out swinging
Top of the 5th over - 0 runs, 0 hits, 0 errors, 0 left on base; Phoenix 2 - St. Louis 1
BOTTOM OF THE 5TH
St. Louis Coeur batting - Pitching for Phoenix Hotspur : RHP Leon von Stroheim
Batting: RHB Rod Shortall 0-0: Ball
1-0: Ground out 1-3 (Groundball, 25, EV 69.4 MPH)
Batting: RHB Eugene Bennett 0-0: Ball
1-0: Called Strike
1-1: Ball
2-1: Ball
3-1: Called Strike
3-2: Ground out 5-3 (Groundball, 56S, EV 81.2 MPH)
Batting: RHB Jaime Soto 0-0: Ball
1-0: Ball
2-0: Swinging Strike
2-1: Ball
3-1: Foul Ball, location: 2F
3-2: Base on Balls
Batting: LHB Kade Eagleton 0-0: Ball
1-0: Ball
2-0: Foul Ball, location: 2F
2-1: Called Strike
2-2: DOUBLE (Line Drive, 89D, EV 108.8 MPH)
Jaime Soto to third
Runner from 3rd tries for Home, SAFE, throw by RF to trailing runner, SAFE at third!
Batting: RHB Nobuhisa Murakami 0-0: Ball
1-0: Ball
2-0: Called Strike
2-1: Ball
3-1: Called Strike
3-2: SINGLE (Groundball, 4D, EV 102.5 MPH)
Kade Eagleton scores
Batting: RHB Joe Mueller Balk!
Nobuhisa Murakami to second
0-0: Called Strike
0-1: Ball
1-1: Ball
2-1: Ground out 6-3 (Groundball, 6M, EV 88.1 MPH)
Bottom of the 5th over - 2 runs, 2 hits, 0 errors, 1 left on base; Phoenix 2 - St. Louis 3
TOP OF THE 6TH
Phoenix Hotspur batting - Pitching for St. Louis Coeur : RHP Tony Alfonso
Batting: LHB Mare Riseley 0-0: Foul Ball, location: 2F
0-1: Ground out U3 (Groundball, 3, EV 105.6 MPH)
Batting: RHB Jonas van Claveren 0-0: SINGLE (Line Drive, 7S, EV 87.5 MPH)
Batting: LHB Tadayoshi Watanabe 0-0: Called Strike
0-1: Called Strike
0-2: Ball
1-2: SINGLE (Groundball, 34D, EV 96.9 MPH)
Jonas van Claveren to second
Runner from 2nd tries for 3rd, SAFE, throw by RF made to third
Batting: RHB Martín Talia 0-0: Ball
1-0: Ball
2-0: 3-RUN HOME RUN (Flyball, 7D, EV 89.4 MPH), Distance : 401 ft
Pitching: RHP Tsugahara Hori
Batting: LHB Valerius Buser 0-0: Ball
1-0: Swinging Strike
1-1: Fly out, F2 (Popup, 2R, EV 89.4 MPH)
Batting: RHB Myles Brundidge 0-0: Swinging Strike
0-1: Ball
1-1: DOUBLE (Flyball, 78XD, EV 101.9 MPH)
Batting: RHB Brit Davis 0-0: Ball
1-0: Called Strike
1-1: Ball
2-1: Ball
3-1: Base on Balls
Batting: LHB Corey Ferguson 0-0: Called Strike
0-1: Fielders Choice at 2nd, 6-4 (Groundball, 56, EV 95.0 MPH)
Top of the 6th over - 3 runs, 4 hits, 0 errors, 2 left on base; Phoenix 5 - St. Louis 3
BOTTOM OF THE 6TH
St. Louis Coeur batting - Pitching for Phoenix Hotspur : RHP Leon von Stroheim
Batting: LHB Qing-nian Zexian 0-0: Called Strike
0-1: Ball
1-1: Foul Ball, location: 2F
1-2: Strikes out swinging
Batting: LHB Dean Jackson 0-0: Ball
1-0: Ball
2-0: Swinging Strike
2-1: Ball
3-1: Ground out 4-3 (Groundball, 4, EV 85.6 MPH)
Batting: RHB José Santos 0-0: Swinging Strike
0-1: Ball
1-1: Ball
2-1: Called Strike
2-2: Ball
3-2: Foul Ball, location: 2F
3-2: Strikes out swinging
Bottom of the 6th over - 0 runs, 0 hits, 0 errors, 0 left on base; Phoenix 5 - St. Louis 3
TOP OF THE 7TH
Phoenix Hotspur batting - Pitching for St. Louis Coeur : RHP Tsugahara Hori
Batting: RHB Alberto Ramírez 0-0: Swinging Strike
0-1: Called Strike
0-2: Ball
1-2: Foul Ball, location: 2F
1-2: Ball
2-2: Ground out 1-3 (Groundball, 34S, EV 93.1 MPH)
Batting: LHB Mare Riseley 0-0: Ball
1-0: SINGLE (Groundball, 6MD, EV 105.0 MPH)
Batting: RHB Jonas van Claveren 0-0: Ball
1-0: Ball
2-0: Called Strike
2-1: Ball
3-1: SINGLE (Line Drive, 78S, EV 107.5 MPH)
Mare Riseley to second
Batting: LHB Tadayoshi Watanabe 0-0: Called Strike
0-1: Foul Ball, location: 2F
0-2: Fly out, F4 (Line Drive, 4, EV 61.9 MPH)
Batting: RHB Martín Talia 0-0: Ball
1-0: Foul Ball, location: 2F
1-1: 3-RUN HOME RUN (Flyball, 9D, EV 86.9 MPH), Distance : 375 ft
Batting: LHB Valerius Buser 0-0: Fly out, F9 (Flyball, 89S, EV 94.4 MPH)
Top of the 7th over - 3 runs, 3 hits, 0 errors, 0 left on base; Phoenix 8 - St. Louis 3
BOTTOM OF THE 7TH
St. Louis Coeur batting - Pitching for Phoenix Hotspur : RHP Leon von Stroheim
Batting: RHB Rod Shortall 0-0: Ball
1-0: Ball
2-0: Called Strike
2-1: Foul Ball, location: 2F
2-2: Strikes out swinging
Batting: RHB Eugene Bennett 0-0: Ball
1-0: SINGLE (Groundball, 56D, EV 102.5 MPH)
Batting: RHB Jaime Soto 0-0: Ball
1-0: Called Strike
1-1: Foul Ball, location: 2F
1-2: Ball
2-2: Strikes out looking
Pitching: RHP Dave Seals
Batting: LHB Kade Eagleton 0-0: Ball
1-0: Swinging Strike
1-1: Fly out, F6 (Line Drive, 6, EV 65.6 MPH)
Bottom of the 7th over - 0 runs, 1 hit, 0 errors, 1 left on base; Phoenix 8 - St. Louis 3
TOP OF THE 8TH
Phoenix Hotspur batting - Pitching for St. Louis Coeur : RHP Tsugahara Hori
Batting: RHB Myles Brundidge 0-0: Ball
1-0: Swinging Strike
1-1: Fly out, F3 (Popup, 3SF, EV 83.1 MPH)
Batting: RHB Brit Davis 0-0: Ball
1-0: Ball
2-0: Called Strike
2-1: Foul Ball, location: 2F
2-2: Ground out 6-3 (Groundball, 6, EV 93.1 MPH)
Batting: LHB Corey Ferguson 0-0: Fly out, F6 (Line Drive, 6, EV 63.8 MPH)
Top of the 8th over - 0 runs, 0 hits, 0 errors, 0 left on base; Phoenix 8 - St. Louis 3
BOTTOM OF THE 8TH
St. Louis Coeur batting - Pitching for Phoenix Hotspur : RHP Dave Seals
Batting: RHB Nobuhisa Murakami 0-0: Called Strike
0-1: Ball
1-1: Ground out 5-3 (Groundball, 5, EV 82.5 MPH)
Batting: RHB Joe Mueller 0-0: Called Strike
0-1: Foul Ball, location: 2F
0-2: Ball
1-2: Foul Ball, location: 2F
1-2: DOUBLE (Flyball, 89D, EV 99.4 MPH)
Batting: LHB Qing-nian Zexian 0-0: Ground out 6-3 (Groundball, 6, EV 80.0 MPH)
Joe Mueller to third
Batting: LHB Dean Jackson 0-0: Foul Ball, location: 2F
0-1: Ball
1-1: Ground out 4-3 (Groundball, 4, EV 85.0 MPH)
Bottom of the 8th over - 0 runs, 1 hit, 0 errors, 1 left on base; Phoenix 8 - St. Louis 3
TOP OF THE 9TH
Phoenix Hotspur batting - Pitching for St. Louis Coeur : RHP Tsugahara Hori
Batting: RHB Alberto Ramírez 0-0: Foul Ball, location: 2F
0-1: Ball
1-1: Swinging Strike
1-2: Ball
2-2: Strikes out swinging
Batting: LHB Mare Riseley 0-0: Ball
1-0: Foul Ball, location: 2F
1-1: SINGLE (Line Drive, 7LS, EV 98.8 MPH)
Pitching: RHP Nebosja Draskovic
Batting: RHB Jonas van Claveren 0-0: Ball
Mare Riseley is caught stealing 2nd base 2-4
1-0: Foul Ball, location: 2F
1-1: Swinging Strike
1-2: Strikes out swinging
Top of the 9th over - 0 runs, 1 hit, 0 errors, 0 left on base; Phoenix 8 - St. Louis 3
BOTTOM OF THE 9TH
St. Louis Coeur batting - Pitching for Phoenix Hotspur : RHP Dave Seals
Batting: RHB José Santos 0-0: Ball
1-0: Ball
2-0: Called Strike
2-1: Ball
3-1: Base on Balls
Batting: RHB Rod Shortall 0-0: Ball
1-0: Ball
2-0: Ball
3-0: Called Strike
3-1: SINGLE (Groundball, 56D, EV 107.5 MPH)
José Santos to second
Batting: RHB Eugene Bennett 0-0: Called Strike
0-1: Ball
1-1: SINGLE (Line Drive, 56D, EV 96.2 MPH)
José Santos to third
Rod Shortall to second
Pitching: LHP Nees Stroo
Batting: RHB Jaime Soto 0-0: Ball
1-0: Ball
2-0: Called Strike
2-1: Ground out 4-3 (Groundball, 4S, EV 66.9 MPH)
José Santos scores
Rod Shortall to third
Eugene Bennett to second
Batting: LHB Kade Eagleton 0-0: SINGLE (Groundball, 34D, EV 93.8 MPH)
Rod Shortall scores
Eugene Bennett to third
Batting: RHB Nobuhisa Murakami 0-0: Foul Ball, location: 2F
0-1: Ball
1-1: Fly out, F5 (Line Drive, 5, EV 72.5 MPH)
Batting: RHB Joe Mueller 0-0: Fly out, F7 (Flyball, 7LS, EV 87.5 MPH)
Bottom of the 9th over - 2 runs, 3 hits, 0 errors, 2 left on base; Phoenix 8 - St. Louis 5
Friday, April 17th, 2020 - OOTP Baseball 20.8 Build 74